 Dungeon Crawl Stone Soup version 0.30-a0-125-g51eefa89be (webtiles) character file.

Game seed: 9382889085596142706

30688 pokeman the Sorcerer (level 13, -1/72 HPs)
             Began as a Deep Elf Hedge Wizard on Sept 18, 2022.
             Was a High Priest of Vehumet.
             Slain by a meliai
             ... wielding a +0 hand axe
              (5 damage)
             ... on level 14 of the Dungeon on Sept 19, 2022.
             The game lasted 00:55:07 (17404 turns).

pokeman the Sorcerer (Deep Elf Hedge Wizard)       Turns: 17404, Time: 00:55:07

Health: -1/72      AC: 10    Str:  7    XL:     13   Next: 21%
Magic:  23/40      EV: 11    Int: 22    God:    Vehumet [*****.]
Gold:   941        SH:  0    Dex: 14    Spells: 35/55 levels left

rFire   . . .      SeeInvis .    H - +11 arbalest "Piagic" {elec, rPois Int-3 Stlth+}
rCold   . . .      Faith    .    (shield currently unavailable)
rNeg    . . .      Spirit   .    u - +0 acid dragon scales
rPois   +          Reflect  .    f - +2 hat
rElec   .          Harm     .    q - scarf {repulsion}
rCorr   +          Rampage  .    m - +0 pair of gloves
Will    +....                    (no boots)
Stlth   +++.......               a - amulet of magic regeneration
HPRegen 0.22/turn                E - +4 ring of slaying
MPRegen 0.67/turn                J - ring of poison resistance

@: on blink cooldown, repel missiles
A: no striking features
a: Renounce Religion


You were on level 14 of the Dungeon.
You worshipped Vehumet.
Vehumet was extremely pleased with you.
You visited 2 branches of the dungeon, and saw 15 of its levels.
You also visited: Sewer and Ossuary.

You collected 1286 gold pieces.
You spent 345 gold pieces at shops.

Inventory:

Hand Weapons
 j - the +6 trident "Zurchok" {spect, SInv Stlth+}
   (You found it on level 11 of the Dungeon)

   When its wielder attacks, the weapon's spirit leaps out and strikes again.
   The spirit shares a part of any damage it takes with its wielder.
   SInv:      It lets you see invisible.
   Stlth:     It makes you more stealthy.
 H - the +11 arbalest "Piagic" (weapon) {elec, rPois Int-3 Stlth+}
   (You found it on level 5 of the Dungeon)

   Any ammunition fired from it occasionally discharges a powerful burst of
   electricity upon striking a foe.
   Int:       It affects your intelligence (-3).
   rPois:     It protects you from poison.
   Stlth:     It makes you more stealthy.
Missiles
 R - 7 throwing nets
Armour
 c - a +2 scale mail of fire resistance
 f - a +2 hat (worn)
 m - a +0 pair of gloves (worn)
 q - a scarf of repulsion (worn)
 u - +0 acid dragon scales (worn)
 P - +0 steam dragon scales
 Q - the +1 ring mail of Zoonenoodu {Harm rC++ Regen+ Dex-5}
   (You found it on level 7 of the Dungeon)

   Dex:       It affects your dexterity (-5).
   rC:        It greatly protects you from cold.
   Regen:     It increases your rate of health regeneration.
   Harm:      It increases damage dealt and taken.
Magical Staves
 B - a staff of fire
Jewellery
 a - an amulet of magic regeneration (around neck)
 k - an amulet of regeneration
 E - a +4 ring of slaying (left hand)
 J - a ring of poison resistance (right hand)
 N - a ring of see invisible
 V - a ring of ice
Wands
 x - a wand of light (7)
 K - a wand of digging (3)
 O - a wand of mindburst (21)
Scrolls
 b - 2 scrolls of fear
 i - a scroll of silence
 n - 5 scrolls of butterflies
 p - a scroll of enchant armour
 r - 2 scrolls of magic mapping
 s - 4 scrolls of blinking
 t - a scroll of identify
 v - 10 scrolls of teleportation
 w - a scroll of acquirement {unknown}
 U - a scroll of poison
Potions
 d - a potion of magic
 e - 4 potions of curing
 g - 6 potions of brilliance
 h - 5 potions of heal wounds
 l - 4 potions of invisibility
 L - 6 potions of haste
Miscellaneous
 o - a piece from Xom's chessboard (15/15)
 T - a phantom mirror


   Skills:
 - Level 5.0 Fighting
 + Level 5.1 Armour
 - Level 3.0 Dodging
 - Level 3.1 Stealth
 - Level 4.0 Shields
 * Level 21.6 Spellcasting
 + Level 11.2 Conjurations
 - Level 1.1 Summonings
 - Level 2.1 Necromancy
 - Level 1.1 Translocations
 + Level 10.6 Fire Magic
 - Level 1.1 Air Magic
 - Level 1.1 Poison Magic
 - Level 1.0 Evocations


You had 35 spell levels left.
You knew the following spells:

 Your Spells              Type           Power      Damage    Failure   Level
a - Magic Dart            Conj           100%       1d8       1%          1
b - Mephitic Cloud        Conj/Pois/Air  43%        N/A       1%          3
c - Call Imp              Summ           28%        N/A       3%          2
d - Blink                 Tloc           56%        N/A       3%          2
e - Cigotuvi's Dreadful   Necr/Pois/Air  60%        N/A       2%          2
f - Fireball              Conj/Fire      32%        3d14      1%          5
g - Lightning Bolt        Conj/Air       25%        1d41      1%          5

Your spell library contained the following spells:

 Spells                   Type           Power      Damage    Failure   Level
 Static Discharge         Conj/Air       100%       2-7/arc   1%          2
 Arcjolt                  Conj/Air       25%        1d35      1%          5
 Frozen Ramparts          Ice            46%        1d7       2%          3
 Slow                     Hex            92%        N/A       3%          1
 Airstrike                Air            14%        2d(2-18)  5%          4
 Call Canine Familiar     Summ           28%        N/A       6%          3
 Portal Projectile        Hex/Tloc       52%        N/A       8%          3
 Tukima's Dance           Hex            23%        N/A       10%         3
 Passage of Golubria      Tloc           28%        N/A       21%         4
 Summon Lightning Spire   Summ/Air       28%        N/A       21%         4
 Yara's Violent Unravell  Hex/Tmut       11%        3d6       22%         5
 Summon Ice Beast         Ice/Summ       26%        N/A       26%         4
 Ice Form                 Ice/Tmut       23%        N/A       32%         4
 Leda's Liquefaction      Hex/Erth       11%        N/A       32%         4
 Maxwell's Capacitive Co  Air            14%        ∞         100%        8


Dungeon Overview and Level Annotations

Branches:
Dungeon (14/15)            Temple (1/1) D:7            Lair (0/5) D:8
    Orc (0/2) D:10          Sewer (visited)         Ossuary (visited)
 Vaults: D:13-14

Altars:
Ashenzari
Cheibriados
Dithmenos
Elyvilon
Fedhas
Gozag
Hepliaklqana
Kikubaaqudgha
Makhleb
Nemelex Xobeh
Okawaru
Ru
Sif Muna
Uskayaw
Vehumet
Wu Jian
Xom
Yredelemnul
Zin
The Shining One

Shops:
D:5 (   D:6 =:   D:9 ?*   D:12 [

Portals:
Trove: D:10 (give +6 fire dragon scales)


Message History

Aim: a meliai, wielding a +0 hand axe and wearing a +0 leather armour (moderately wounded, 47% to hit)
You hear a mighty clap of thunder!
The bolt of lightning misses the meliai.
You hear a shout!
The meliai hits you with a +0 hand axe.
* * * LOW HITPOINT WARNING * * *
The meliai stings you.
* * * LOW HITPOINT WARNING * * *
The meliai hits you with a +0 hand axe.
* * * LOW HITPOINT WARNING * * *
The meliai closely misses you.
Casting: Lightning Bolt (dangerous; 1% risk of failure)
Confirm with . or Enter, or press ? or * to list all spells.
You blink.
Casting: Blink (safe; 3% risk of failure)
Confirm with . or Enter, or press ? or * to list all spells.
Aiming: Fireball (dangerous; 1% risk of failure)
Press: ? - help, Shift-Dir - straight line, f/p - meliai
Aim: a meliai, wielding a +0 hand axe and wearing a +0 leather armour (moderately wounded)
The fireball explodes!
The fireball engulfs the meliai.
The meliai is heavily wounded.
The fireball engulfs the meliai!
The meliai is heavily wounded.
The meliai hits you but does no damage. The meliai stings you.
* * * LOW HITPOINT WARNING * * *
You are lethally poisoned!
The meliai poisons you!
Unknown command.
You feel better. The meliai hits you but does no damage. The meliai stings you.
* * * LOW HITPOINT WARNING * * *
A centaur comes into view.
The meliai hits you with a +0 hand axe!
* * * LOW HITPOINT WARNING * * *
The meliai misses you.
Unknown command.
Casting: Fireball (dangerous; 1% risk of failure)
Confirm with . or Enter, or press ? or * to list all spells.
You are still too unstable to blink.
The meliai attacks as you move away! The meliai hits you with a +0 hand axe.
You die...

#.## #.#.#.#. #..#
#.#.>...# ##.# #.#...#.#
#.# #........ #.# #.#..##.#
..#####)## #.#..##.#
.....c...# #.#..##.# ##
#######..###....##.#######.
#....yy@................
#.###########.#.######## #
#.#.# #.#.## #.)..#
##..#.### #######...#...#
#....)..#####.#
#.##)##...#...#


You could see 2 meliai and a centaur.

Vanquished Creatures
  Gastronok (D:9)
  Louise (D:14)
  2 vault guards (D:14)
  The ghost of kairosrom117 the Arsonist, a journeyman DrFE of Vehumet (D:11)
  4 centaur warriors
  2 two-headed ogres
  A deep elf pyromancer (D:13)
  6 ugly things
  6 cyclopes
  2 vault sentinels (D:7)
  Maggie (D:7)
  2 unseen horrors
  2 komodo dragons (D:8)
  2 hornets
  4 meliai
  3 trolls
  Prince Ribbit (D:5)
  5 slime creatures (D:12)
  Sigmund (D:4)
  A vampire (D:12)
  A wraith (D:11)
  3 basilisks
  3 wyverns
  18 yaks
  Grum (D:9)
  6 humans (D:14)
  A golden eye (D:8)
  3 steam dragons
  Menkaure (D:7)
  An acid dragon (D:13)
  10 vampire mosquitoes
  2 water moccasins
  A black bear (D:5)
  A sky beast (D:8)
  3 ogres
  13 centaurs
  A wolf (D:9)
  A phantom (D:7)
  3 kobold brigands
  2 bullfrogs (D:7)
  4 gnoll sergeants (D:9)
  3 necrophages
  4 scorpions
  14 wights
  5 killer bees (D:8)
  4 howler monkeys
  8 centaur zombies
  A bullfrog zombie (D:7)
  A human zombie (D:7)
  9 hounds
  2 jellies
  15 orc priests
  Crazy Yiuf (D:5)
  3 gnoll boudas
  4 iguanas
  Natasha (thrice) (D:2)
  18 orc wizards
  2 killer bee zombies (D:7)
  8 mummies
  9 adders
  32 gnolls
  2 white imps
  An ufetubus (D:6)
  5 worms
  62 orcs
  5 endoplasms
  5 giant cockroaches
  12 goblins
  5 hobgoblins
  7 jackals
  2 quokkas
  10 ball pythons
  3 bats
  A frilled lizard (D:1)
  3 hobgoblin zombies (Ossuary)
  18 kobolds
  8 rats
422 creatures vanquished.

Vanquished Creatures (others)
  A human (D:14)
  2 withered plants (D:11)
3 creatures vanquished.

Grand Total: 425 creatures vanquished

Notes
Turn   | Place    | Note
-------+----------+-------------------------------------------
     0 | D:1      | pokeman the Deep Elf Hedge Wizard began the quest for the
                  | Orb.
     0 | D:1      | Reached XP level 1. HP: 10/10 MP: 7/7
    85 | D:1      | Found a faded altar of an unknown god.
   683 | D:1      | Reached XP level 2. HP: 15/15 MP: 3/9
  1379 | D:2      | Noticed Natasha
  1384 | D:2      | Reached skill level 5 in Spellcasting
  1393 | D:2      | Killed Natasha
  1394 | D:2      | Reached skill level 1 in Armour
  1394 | D:2      | Reached XP level 3. HP: 9/20 MP: 5/11
  1398 | D:2      | Learned a level 3 spell: Mephitic Cloud
  1401 | D:2      | Learned a level 2 spell: Call Imp
  1404 | D:2      | Learned a level 2 spell: Blink
  1407 | D:2      | Learned a level 2 spell: Cigotuvi's Dreadful Rot
  1505 | D:2      | Noticed Natasha
  1514 | D:2      | Killed Natasha
  1515 | D:2      | Reached skill level 1 in Fighting
  1515 | D:2      | Reached XP level 4. HP: 21/25 MP: 10/13
  1586 | D:2      | Noticed Natasha
  1595 | D:2      | Killed Natasha
  2143 | D:3      | Reached skill level 6 in Spellcasting
  2143 | D:3      | Reached XP level 5. HP: 20/29 MP: 13/15
  2259 | D:3      | Found an opulent altar of Gozag.
  2423 | D:3      | Found Xikishrey's Antique Weapon Boutique.
  2918 | D:3      | Found a glowing golden altar of the Shining One.
  2919 | D:3      | Found a glowing silver altar of Zin.
  2920 | D:3      | Found a white marble altar of Elyvilon.
  3113 | D:4      | Found a glowing drain.
  3126 | Sewer    | Entered a sewer
  3166 | Sewer    | Reached skill level 1 in Necromancy
  3460 | Sewer    | Reached skill level 1 in Air Magic
  3460 | Sewer    | Reached skill level 1 in Poison Magic
  3460 | Sewer    | Reached XP level 6. HP: 34/34 MP: 15/17
  3630 | D:4      | Noticed Sigmund
  3644 | D:4      | Killed Sigmund
  3645 | D:4      | Reached skill level 7 in Spellcasting
  4047 | D:4      | Reached XP level 7. HP: 36/39 MP: 20/20
  4223 | D:4      | Reached skill level 1 in Evocations
  4228 | D:4      | Reached skill level 1 in Fire Magic
  4295 | D:4      | Reached skill level 8 in Spellcasting
  4886 | D:5      | Entered Level 5 of the Dungeon
  5253 | D:5      | Reached skill level 9 in Spellcasting
  5319 | D:5      | Found an ornate altar of the Wu Jian Council.
  5341 | D:5      | Found Qoilumuox's Weapon Emporium.
  5355 | D:5      | Found a radiant altar of Vehumet.
  5364 | D:5      | Became a worshipper of Vehumet
  5411 | D:5      | Reached XP level 8. HP: 44/44 MP: 19/23
  5615 | D:5      | Noticed Prince Ribbit
  5626 | D:5      | Killed Prince Ribbit
  5627 | D:5      | Reached skill level 10 in Spellcasting
  5639 | D:5      | Reached skill level 5 in Conjurations
  5737 | D:5      | Reached skill level 11 in Spellcasting
  5998 | D:5      | Identified the +11 arbalest "Piagic" {elec, rPois Int-3
                  | Stlth+}
  6153 | D:5      | Found a runed translucent door.
  6154 | D:5      | Noticed Crazy Yiuf
  6170 | D:5      | Killed Crazy Yiuf
  6254 | D:6      | Reached skill level 12 in Spellcasting
  6255 | D:6      | Reached * piety under Vehumet
  6255 | D:6      | Offered knowledge of Shock by Vehumet.
  6371 | D:6      | Reached XP level 9. HP: 29/48 MP: 27/27
  6566 | D:6      | Found Hoemunoj's Book Shoppe.
  6761 | D:6      | Found Leigg's Jewellery Shop.
  6769 | D:6      | Bought a ring of see invisible for 180 gold pieces
  7103 | D:7      | Found an iron altar of Okawaru.
  7108 | D:7      | Found a snail-covered altar of Cheibriados.
  7109 | D:7      | Found a sacrificial altar of Ru.
  7146 | D:7      | Reached skill level 13 in Spellcasting
  7176 | D:7      | Noticed Menkaure
  7183 | D:7      | Killed Menkaure
  7351 | D:7      | Noticed Maggie
  7397 | D:7      | Killed Maggie
  7398 | D:7      | Reached skill level 14 in Spellcasting
  7398 | D:7      | Reached skill level 5 in Fire Magic
  7511 | D:7      | Identified the +1 ring mail of Zoonenoodu {Harm rC++ Regen+
                  | Dex-5}
  7564 | D:7      | Found a staircase to the Ecumenical Temple.
  7966 | D:7      | Noticed a vault sentinel
  7966 | D:7      | Noticed a vault sentinel
  8018 | D:7      | Killed a vault sentinel
  8019 | D:7      | Reached skill level 15 in Spellcasting
  8033 | D:7      | Killed a vault sentinel
  8034 | D:7      | Reached XP level 10. HP: 45/56 MP: 31/31
  8169 | D:7      | Offered knowledge of Poisonous Vapours by Vehumet.
  8194 | D:7      | Reached ** piety under Vehumet
  8312 | D:7      | Found a basalt altar of Yredelemnul.
  8552 | D:7      | Found the +18 shield of the Gong {rElec rN+ Will+ EV-5}
  8578 | D:8      | Reached skill level 16 in Spellcasting
  8777 | D:8      | Found a sand-covered staircase.
  8838 | Ossuary  | Entered an ossuary
  9155 | D:8      | Offered knowledge of Ignite Poison by Vehumet.
  9234 | D:8      | Reached skill level 17 in Spellcasting
  9654 | D:8      | Reached *** piety under Vehumet
  9807 | D:8      | Found a staircase to the Lair.
 10111 | D:8      | Reached skill level 18 in Spellcasting
 10116 | D:8      | Reached skill level 1 in Shields
 10304 | D:9      | Found Deawn's Magic Scroll Shoppe.
 10321 | D:9      | Bought a scroll of identify for 30 gold pieces
 10321 | D:9      | Bought a scroll of identify for 30 gold pieces
 10321 | D:9      | Bought a scroll of identify for 30 gold pieces
 10321 | D:9      | Bought a scroll of identify for 30 gold pieces
 10321 | D:9      | Bought a scroll of teleportation for 45 gold pieces
 10402 | D:9      | Found Meluozxy's General Store.
 10418 | D:9      | Noticed Gastronok
 10620 | D:9      | Reached XP level 11. HP: 51/61 MP: 35/35
 10629 | D:9      | Offered knowledge of Inner Flame by Vehumet.
 11184 | D:9      | Killed Gastronok
 11446 | D:9      | Reached **** piety under Vehumet
 11475 | D:9      | Offered knowledge of Fulminant Prism by Vehumet.
 11569 | D:9      | Noticed Grum
 11574 | D:9      | Killed Grum
 11649 | D:9      | Learned a level 5 spell: Lightning Bolt
 11669 | D:9      | Found a hazy altar of Hepliaklqana.
 11874 | Temple   | Entered the Ecumenical Temple
 12126 | D:10     | Entered Level 10 of the Dungeon
 12154 | D:10     | Reached skill level 19 in Spellcasting
 12161 | D:10     | Noticed a two-headed ogre
 12354 | D:10     | Reached ***** piety under Vehumet
 12355 | D:10     | Offered knowledge of Fireball by Vehumet.
 12403 | D:10     | Learned a level 5 spell: Fireball
 12493 | D:10     | Found a staircase to the Orcish Mines.
 12584 | D:10     | Found an ancient bone altar of Kikubaaqudgha.
 12676 | D:10     | Found a portal to a secret trove of treasure.
 12838 | D:10     | Killed a two-headed ogre
 13407 | D:11     | Identified the +6 trident "Zurchok" {spect, SInv Stlth+}
 13776 | D:11     | Found a runed translucent door.
 13776 | D:11     | Noticed kairosrom117's ghost (journeyman DrFE)
 13977 | D:11     | Killed kairosrom117's ghost
 14024 | D:12     | Reached XP level 12. HP: 66/66 MP: 12/37
 14399 | D:12     | Reached skill level 20 in Spellcasting
 14476 | D:12     | Noticed a two-headed ogre
 14479 | D:12     | Killed a two-headed ogre
 14617 | D:12     | Found Fonyhad's Armour Shop.
 14812 | D:12     | Reached skill level 10 in Conjurations
 15467 | D:13     | Noticed a centaur warrior
 15470 | D:13     | Killed a centaur warrior
 15538 | D:13     | Noticed a centaur warrior
 15543 | D:13     | Killed a centaur warrior
 15544 | D:13     | Reached skill level 5 in Fighting
 16313 | D:14     | Reached skill level 10 in Fire Magic
 16314 | D:14     | Noticed a centaur warrior
 16406 | D:14     | Reached skill level 21 in Spellcasting
 16533 | D:14     | Killed a centaur warrior
 16876 | D:14     | Noticed a vault guard
 16876 | D:14     | Noticed a vault guard
 16879 | D:14     | Noticed a vault guard
 16890 | D:14     | Killed a vault guard
 16891 | D:14     | Reached XP level 13. HP: 39/72 MP: 19/40
 17179 | D:14     | Reached skill level 5 in Armour
 17180 | D:14     | Noticed Louise
 17192 | D:14     | Killed Louise
 17404 | D:14     | Slain by a meliai

Illustrated notes

Levels and vault maps discovered:
D:1:      heliophobic_arrival_battle_scene, layout_basic,
          ebering_ecumenical_altar_rust, minmay_misc_feat_diagonals,
          kennysheep_doodads, minmay_tromino_v4_c
D:2:      layout_basic, uniq_natasha
D:3:      layout_basic, good_gods_temple_1, nicolae_gozag_seed_capital,
          serial_shops, nicolae_shop_crystal
D:4:      cheibrodos_greedy_goblins, layout_loops_ring, portal_sewer_entry_b,
          minmay_manual_maat, uniq_sigmund
D:5:      layout_cave_pools, nzn_wu_jian_council_hall,
          mainiacjoe_overflow_paths, serial_shops, nicolae_inconvenience_store,
          uniq_prince_ribbit1, uniq_crazy_yiuf_cottage
D:6:      layout_rooms, serial_shops, nicolae_take_the_stairs, shop
D:7:      layout_basic, lemuel_mausoleum_altar_yredelemnul, minitemple,
          minmay_temple_entry_water_ring, hellmonk_bongcloud_opening,
          hangedman_decor_points, hangedman_abyss_or_decor_stagger,
          minmay_tree_intersection, hellmonk_guarded_unrand_gong, uniq_menkaure,
          uniq_maggie
D:8:      layout_cave_pools, erik_lair_dragon, nicolae_ossuary_entry_monument
D:9:      layout_cross, mainiacjoe_overflow_alcove_1, serial_shops, shop_statue,
          serial_gnoll_camp, gnoll_camp_mini_shop, gnoll_camp_medium_02,
          gnoll_camp_mini_loothouse, gnoll_camp_mini_sergeant, grums_kennel,
          gnoll_camp_mini_house, uniq_gastronok
D:10:     layout_basic, mainiacjoe_overflow_alcove_4, hiddenorc2_lemuel,
          enter_trove_1, uniq_grum
D:11:     layout_long_grid, gammafunk_ghost_grave
D:12:     layout_stronghold, serial_shops, shop
D:13:     layout_stronghold, david_defended_altar_orc
D:14:     layout_loops_ring, ximxim_vaults_locker_room, bh_walls_and_bars,
          uniq_louise
Temple:   nicolae_temple_ecumenical_triangle

Skill      XL: |  1  2  3  4  5  6  7  8  9 10 11 12 13 |
---------------+----------------------------------------+-----
Spellcasting   | 5 6 7 9 12 15 18 19 21 | 21.6
Armour         | 1 3 4 5 |  5.1
Fighting       | 1 2 3 4 5 |  5.0
Conjurations   | 2 3 4 5 7 8 9 11 | 11.2
Dodging        | 3 |  3.0
Stealth        | 3 |  3.1
Necromancy     | 1 2 |  2.1
Air Magic      | 1 |  1.1
Poison Magic   | 1 |  1.1
Evocations     | 1 |  1.0
Fire Magic     | 2 4 5 7 8 10 | 10.6
Shields        | 1 3 4 |  4.0
Summonings     | |  1.1
Translocations | |  1.1

Action                   |  1- 3 |  4- 6 |  7- 9 | 10-12 | 13-15 || total
-------------------------+-------+-------+-------+-------+-------++-------
Melee: Short sword       |    25 |    28 |       |       |       ||    53
       Punch             |       |     1 |       |       |       ||     1
       Whip              |       |     4 |    49 |       |       ||    53
       Trident           |       |       |       |     2 |       ||     2
 Fire: Arbalest          |       |       |    90 |   348 |       ||   438
 Cast: Magic Dart        |    66 |   140 |    99 |    24 |       ||   329
       Mephitic Cloud    |       |     7 |    25 |    39 |     4 ||    75
       Call Imp          |       |       |     5 |     7 |       ||    12
       Blink             |       |       |     1 |    11 |     1 ||    13
       Fireball          |       |       |       |   100 |    12 ||   112
       Lightning Bolt    |       |       |       |    22 |    18 ||    40
Evoke: Wand              |       |       |       |     2 |       ||     2
  Use: Scroll            |       |       |       |    22 |       ||    22
       Potion            |       |       |       |       |     1 ||     1
 Stab: Confused          |       |     5 |     8 |       |       ||    13
Armor: Robe              |     2 |       |       |       |       ||     2
       Leather armour    |     3 |     4 |     7 |       |       ||    14
       Steam dragon scal |       |       |     1 |    82 |       ||    83
       Skin              |       |       |       |    14 |       ||    14
       Acid dragon scale |       |       |       |     2 |     4 ||     6
Dodge: Dodged            |    10 |    29 |    66 |   176 |     8 ||   289
       Repelled          |       |     1 |       |     1 |       ||     2

Table legend: (Time is in decaauts)
 A = Elapsed time spent in this place.
 B = Non-inter-level travel time spent in this place.
 C = Inter-level travel time spent in this place.
 D = Time resting spent in this place.
 E = Time spent auto-exploring this place.
 F = Levels seen in this place.
 G = Mean time per level.
                   A        B        C        D        E       F      G
               +--------+--------+--------+--------+--------+-----+--------+
         Total |  17890 |  17196 |    694 |   2433 |  11800 |  17 | 1052.4 |
       Dungeon |  17060 |  16369 |    691 |   2246 |  11366 |  14 | 1218.6 |
        Temple |     35 |     33 |      2 |      0 |      0 |   1 |   35.0 |
         Sewer |    488 |    488 |      0 |      0 |    382 |   1 |  488.0 |
       Ossuary |    305 |    305 |      0 |    187 |     51 |   1 |  305.0 |
               +--------+--------+--------+--------+--------+-----+--------+

Top non-repeatable levels by time:
     D:8: 1838 daAuts
     D:7: 1824 daAuts
     D:4: 1709 daAuts
     D:9: 1398 daAuts
    D:13: 1212 daAuts
     D:2: 1142 daAuts
    D:12: 1131 daAuts
    D:10: 1109 daAuts
     D:5: 1068 daAuts
    D:14: 1051 daAuts
     D:3: 1003 daAuts
     D:6: 958 daAuts
     D:1: 931 daAuts
    D:11: 681 daAuts
   Sewer: 488 daAuts
